 Dungeon Crawl Stone Soup version 0.31-a0-486-g8d68a81214 (webtiles) character file.

Game seed: 2958381444299991546

2316 browni3141 the Insei (level 9, -2/64 (68) HPs)
             Began as a Gnoll Shapeshifter on Aug 7, 2023.
             Was a Believer of Wu Jian.
             Slain by a wight
             ... wielding a +0 war axe
              (11 damage)
             ... on level 5 of the Dungeon.
             The game lasted 00:15:00 (6130 turns).

browni3141 the Insei (Gnoll Shapeshifter)           Turns: 6130, Time: 00:15:00

HP:   -2/64 (68)    AC: 11    Str: 22    XL:     9   Next: 41%
MP:   15/15         EV: 12    Int:  7    God:    Wu Jian [**....]
Gold: 285           SH:  0    Dex: 11    Spells: 16/16 levels left

rFire   + .          .
                       - Unarmed
rCold   . . .        (no shield)
rNeg    . . .        x - +4 scale mail of Hoohain {Str+6 Dex-5}
rPois   .            (helmet currently unavailable)
rElec   .            (cloak currently unavailable)
rCorr   +            y - melded +0 pair of gloves
SInv    .            (boots currently unavailable)
Will    .....        (no amulet)
Stlth   +            l - ring of resist corrosion
HPRegen 0.30/turn    n - ring of protection from fire
MPRegen 0.14/turn

%: no passive effects
@: beast-form, drained
A: beast (slay +5), fangs 1, strong nose, distributed training
a: Begin Untransformation, Renounce Religion, Wall Jump


You were on level 5 of the Dungeon.
You worshipped Wu Jian.
Wu Jian was pleased with you.
You were a hulking beast.
You visited 1 branch of the dungeon, and saw 6 of its levels.
You also visited: Sewer.

You collected 285 gold pieces.

Inventory:

Missiles
 q - 4 poisoned darts
Armour
 a - a +0 animal skin
 m - a +0 ring mail
 x - the +4 scale mail of Hoohain (worn) {Str+6 Dex-5}
   (You took it off an orc on level 4 of the Dungeon)

   Str:       It affects your strength (+6).
   Dex:       It affects your dexterity (-5).
 y - a +0 pair of gloves (melded)
Jewellery
 e - a ring of fire
 k - a ring of fire
 l - a ring of resist corrosion (left hand)
 n - a ring of protection from fire (right hand)
 F - a ring of ice
Talismans
 c - a beast talisman (active)
 D - a maw talisman
Wands
 A - a wand of paralysis (15)
Scrolls
 d - 5 scrolls of identify {unknown}
 g - a scroll of vulnerability {unknown}
 h - 3 scrolls of fear {unknown}
 i - 3 scrolls of revelation {unknown}
 s - a scroll of enchant armour {unknown}
 u - 2 scrolls of fog {unknown}
 v - a scroll of teleportation {unknown}
 w - 3 scrolls of enchant weapon {unknown}
 z - 3 scrolls of blinking {unknown}
 B - a scroll of torment {unknown}
 C - a scroll of poison {unknown}
 E - a scroll of amnesia {unknown}
 G - a scroll of brand weapon {unknown}
 I - a scroll of noise {unknown}
Potions
 b - a potion of lignification
 f - a potion of invisibility {unknown}
 j - a potion of haste {unknown}
 o - 2 potions of might {unknown}
 p - 2 potions of heal wounds {unknown}
 r - 5 potions of enlightenment
 t - a potion of mutation
 H - a potion of cancellation {unknown}


   Skills:
 + Level 5.1 Fighting
 + Level 4.3 Short Blades
 + Level 4.3 Long Blades
 + Level 4.3 Axes
 + Level 4.3 Maces & Flails
 + Level 4.3 Polearms
 + Level 4.3 Staves
 + Level 4.3 Ranged Weapons
 + Level 4.3 Throwing
 + Level 4.3 Armour
 + Level 6.3 Dodging
 + Level 4.3 Stealth
 + Level 4.3 Shields
 + Level 7.9 Unarmed Combat
 + Level 4.3 Spellcasting
 + Level 3.5 Conjurations
 + Level 3.5 Hexes
 + Level 3.5 Summonings
 + Level 3.5 Necromancy
 + Level 3.5 Translocations
 + Level 3.5 Transmutations
 + Level 3.5 Fire Magic
 + Level 3.5 Ice Magic
 + Level 3.5 Air Magic
 + Level 3.5 Earth Magic
 + Level 3.5 Poison Magic
 + Level 4.7 Invocations
 + Level 4.3 Evocations
 + Level 7.5 Shapeshifting


You had 16 spell levels left.
You didn't know any spells.
Your spell library contained the following spells:

 Spells                   Type           Power      Damage    Failure   Level
 Foxfire                  Conj/Fire      24%        2x1d5     19%         1
 Plasma Beam              Fire/Air       3%         2x1d13    100%        6
 Starburst                Conj/Fire      3%         6d3       100%        6


Dungeon Overview and Level Annotations

Branches:
Dungeon (6/15)             Temple (0/1) D:4           Sewer (visited)

Altars:
Fedhas
Trog
Wu Jian

Shops:
D:1 (

Annotations:
D:5 1 exclusion, Dowan
D:6 2 runed translucent doors


Innate Abilities, Weirdness & Mutations

You are a hulking beast.
Your limbs bulge with bestial killing power. (Slay +5)
You have very sharp teeth.
Your uncanny sense of smell can sniff out nearby items.
Your experience applies equally to all skills.


Message History

Unknown command.
You spin and attack the wight.
You closely miss the wight.
The wight is moderately damaged.
The wight hits you with a +0 war axe.
You feel drained.
There is an open door, spattered with blood here.
The wight attacks as you move away! The wight hits you with a +0 war axe.
You are too injured to fight recklessly!
You are too injured to fight recklessly!
You closely miss the wight.
The wight is moderately damaged.
The wight hits you with a +0 war axe!
* * * LOW HITPOINT WARNING * * *
There is an open door here.
The wight attacks as you move away! The wight hits you but does no damage.
The wight attacks as you move away! The wight hits you but does no damage.
The wight attacks as you move away! The wight barely misses you.
There is a stone staircase leading up here.
The wight hits you with a +0 war axe.
* * * LOW HITPOINT WARNING * * *
You feel drained.
* * * LOW HITPOINT WARNING * * *
You climb upwards.
Level annotation: 1 exclusion, Dowan
There is a stone staircase leading down here.
You are too injured to fight recklessly!
You are too injured to fight recklessly!
You are too injured to fight recklessly!
You barely miss the wight.
The wight is moderately damaged.
The wight hits you with a +0 war axe.
* * * LOW HITPOINT WARNING * * *
You feel drained.
You punch the wight! You bite the wight, but do no damage.
The wight is almost destroyed.
The wight hits you with a +0 war axe!
* * * LOW HITPOINT WARNING * * *
You hit the wight.
The wight is almost destroyed.
The wight hits you with a +0 war axe!
You die...

..........##...........#### ##...
....##.##.##.#.....#....# ####
....##.##..>.#.#...#....#
....##.####..#.#...#....####
....##.# #..#.#...#.......#
....##.# ##.#.#...#.......#
....##.# #.#.#...#.......#
....##.# #...z...'.......#
....##+#####....h###.......#
..........##.#.....'.......#
.............#...###.......#
..........##...........#####
........####.#.#.....###
##.####.## #.#.......#
##.......###.#.......############
..........##.......#...........(.
..........####.....#.###########.


You could see a wight.

Vanquished Creatures
  Pikel (D:5)
  Sigmund (D:5)
  A steam dragon (D:6)
  Menkaure (D:6)
  A water moccasin (D:5)
  A black bear (D:4)
  2 ice beasts (D:5)
  An ogre (D:4)
  A centaur (D:5)
  A gnoll sergeant (D:5)
  3 wights (D:6)
  A howler monkey (D:4)
  4 hounds
  A sleepcap (D:6)
  An orc priest (D:3)
  2 jellies (D:5)
  4 iguanas
  2 orc wizards (D:5)
  9 adders
  5 river rats (Sewer)
  4 gnolls (D:5)
  A shadow imp (D:5)
  2 worms (D:2)
  4 dart slugs
  9 orcs
  11 ball pythons
  11 endoplasms
  6 giant cockroaches
  4 goblins
  6 hobgoblins
  5 jackals
  7 kobolds
  6 quokkas
  13 bats
  4 frilled lizards
  2 rats
138 creatures vanquished.

Notes
Turn   | Place    | Note
-------+----------+-------------------------------------------
     0 | D:1      | browni3141 the Gnoll Shapeshifter began the quest for the
                  | Orb.
     0 | D:1      | Reached XP level 1. HP: 17/17 MP: 1/1
   158 | D:1      | Reached XP level 2. HP: 23/23 MP: 2/2
   212 | D:1      | Found Vut Refe's Antique Weapon Shoppe.
  1063 | D:2      | Reached XP level 3. HP: 14/28 MP: 3/3
  1280 | D:2      | Reached skill level 1 in Invocations
  1428 | D:2      | Reached skill level 1 in Short Blades
  1428 | D:2      | Reached skill level 1 in Long Blades
  1428 | D:2      | Reached skill level 1 in Axes
  1428 | D:2      | Reached skill level 1 in Maces & Flails
  1428 | D:2      | Reached skill level 1 in Polearms
  1428 | D:2      | Reached skill level 1 in Staves
  1428 | D:2      | Reached skill level 1 in Ranged Weapons
  1428 | D:2      | Reached skill level 1 in Throwing
  1428 | D:2      | Reached skill level 1 in Armour
  1428 | D:2      | Reached skill level 1 in Stealth
  1428 | D:2      | Reached skill level 1 in Shields
  1428 | D:2      | Reached skill level 1 in Spellcasting
  1428 | D:2      | Reached skill level 1 in Evocations
  1621 | D:2      | Found an ornate altar of the Wu Jian Council.
  1631 | D:2      | Became a worshipper of the Wu Jian Council
  1830 | D:2      | Reached XP level 4. HP: 32/32 MP: 5/5
  2142 | D:2      | Reached skill level 1 in Conjurations
  2142 | D:2      | Reached skill level 1 in Hexes
  2142 | D:2      | Reached skill level 1 in Summonings
  2142 | D:2      | Reached skill level 1 in Necromancy
  2142 | D:2      | Reached skill level 1 in Translocations
  2142 | D:2      | Reached skill level 1 in Transmutations
  2142 | D:2      | Reached skill level 1 in Fire Magic
  2142 | D:2      | Reached skill level 1 in Ice Magic
  2142 | D:2      | Reached skill level 1 in Air Magic
  2142 | D:2      | Reached skill level 1 in Earth Magic
  2142 | D:2      | Reached skill level 1 in Poison Magic
  2268 | D:3      | Reached XP level 5. HP: 40/40 MP: 5/7
  2307 | D:3      | Found a faded altar of an unknown god.
  2546 | D:3      | Reached * piety under Wu Jian
  2591 | D:4      | Noticed a black bear
  2597 | D:4      | Killed a black bear
  2598 | D:4      | Reached XP level 6. HP: 26/47 MP: 8/8
  2758 | D:4      | Reached skill level 5 in Dodging
  2822 | D:4      | Found a staircase to the Ecumenical Temple.
  2834 | D:4      | Found a glowing drain.
  2852 | Sewer    | Entered a sewer
  3307 | Sewer    | Reached XP level 7. HP: 51/52 MP: 10/10
  3312 | Sewer    | Reached ** piety under Wu Jian
  3559 | D:4      | Identified the +4 scale mail of Hoohain {Str+6 Dex-5}
  4114 | D:5      | Entered Level 5 of the Dungeon
  4395 | D:5      | Found a bloodstained altar of Trog.
  4547 | D:5      | Reached XP level 8. HP: 40/60 MP: 12/12
  4634 | D:5      | Noticed Sigmund
  4639 | D:5      | Killed Sigmund
  4718 | D:5      | Noticed Dowan
  5563 | D:6      | Noticed Menkaure
  5572 | D:6      | Killed Menkaure
  5637 | D:6      | Reached XP level 9. HP: 52/66 MP: 14/14
  5790 | D:6      | Found a runed translucent door.
  5792 | D:6      | Found a runed translucent door.
  5856 | D:6      | Found a blossoming altar of Fedhas.
  5871 | D:6      | Noticed Pikel
  5983 | D:5      | Killed Pikel
  5984 | D:5      | Reached skill level 5 in Fighting
  6130 | D:5      | Slain by a wight

Illustrated notes

Levels and vault maps discovered:
D:1:      lemuel_arrival_rhombus, layout_basic, serial_shops,
          nicolae_shop_window_shopping, st_stairs_11, kennysheep_boxes
D:2:      minmay_door_path, layout_loops_ring, basic_altar
D:3:      layout_basic, shapermc_ecumenical_altar_petra, grunt_ministairs_13
D:4:      layout_basic, minmay_temple_entry_poolview, portal_sewer_entry_d,
          minivault_24
D:5:      layout_basic, mainiacjoe_overflow_surrounded_room, kennysheep_potato,
          uniq_duvessa, uniq_sigmund
D:6:      lemuel_insect_pit, layout_gridville, fedhas_altar_2, uniq_menkaure,
          uniq_pikel

Skill      XL: |  1  2  3  4  5  6  7  8  9 |
---------------+----------------------------+-----
Invocations    | 1 2 3 4 |  4.7
Short Blades   | 1 2 3 4 |  4.3
Long Blades    | 1 2 3 4 |  4.3
Axes           | 1 2 3 4 |  4.3
Maces & Flails | 1 2 3 4 |  4.3
Polearms       | 1 2 3 4 |  4.3
Staves         | 1 2 3 4 |  4.3
Ranged Weapons | 1 2 3 4 |  4.3
Throwing       | 1 2 3 4 |  4.3
Armour         | 1 2 3 4 |  4.3
Stealth        | 1 2 3 4 |  4.3
Shields        | 1 2 3 4 |  4.3
Spellcasting   | 1 2 3 4 |  4.3
Evocations     | 1 2 3 4 |  4.3
Conjurations   | 1 2 3 |  3.5
Hexes          | 1 2 3 |  3.5
Summonings     | 1 2 3 |  3.5
Necromancy     | 1 2 3 |  3.5
Translocations | 1 2 3 |  3.5
Transmutations | 1 2 3 |  3.5
Fire Magic     | 1 2 3 |  3.5
Ice Magic      | 1 2 3 |  3.5
Air Magic      | 1 2 3 |  3.5
Earth Magic    | 1 2 3 |  3.5
Poison Magic   | 1 2 3 |  3.5
Fighting       | 3 4 5 |  5.1
Dodging        | 5 6 |  6.3
Unarmed Combat | 7 |  7.9
Shapeshifting  | 7 |  7.5

Action                     |  1- 3 |  4- 6 |  7- 9 || total
---------------------------+-------+-------+-------++-------
  Melee: Unarmed           |    81 |   155 |   161 ||   397
         Bite              |     5 |    12 |    21 ||    38
         Punch             |       |       |     7 ||     7
         Maw               |       |       |     2 ||     2
Ability: Lunge             |     1 |    13 |    19 ||    33
         Whirlwind         |       |    16 |    11 ||    27
         Wall Jump         |       |       |     4 ||     4
   Stab: Sleeping          |     7 |       |       ||     7
 Armour: Animal skin       |     7 |       |       ||     7
         Ring mail         |       |    31 |     3 ||    34
         Scale mail        |       |       |    35 ||    35
  Dodge: Dodged            |    42 |   124 |    83 ||   249
   Form: Beast             |     1 |       |     1 ||     2
                           |     1 |       |       ||     1
         Maw               |       |       |     1 ||     1

Table legend: (Time is in decaauts)
 A = Elapsed time spent in this place.
 B = Non-inter-level travel time spent in this place.
 C = Inter-level travel time spent in this place.
 D = Time resting spent in this place.
 E = Time spent auto-exploring this place.
 F = Levels seen in this place.
 G = Mean time per level.
                   A        B        C        D        E       F      G
               +--------+--------+--------+--------+--------+-----+--------+
         Total |   6293 |   6124 |    169 |    240 |   4532 |   7 |  899.0 |
       Dungeon |   5465 |   5296 |    169 |    240 |   3939 |   6 |  910.8 |
         Sewer |    828 |    828 |      0 |      0 |    593 |   1 |  828.0 |
               +--------+--------+--------+--------+--------+-----+--------+

Top non-repeatable levels by time:
     D:5: 1460 daAuts
     D:2: 1106 daAuts
     D:1: 1026 daAuts
     D:4: 863 daAuts
   Sewer: 828 daAuts
     D:6: 549 daAuts
     D:3: 459 daAuts
